Workbook

Sheet ESM
B1: 2025T | C1: 2025A | D1: 2026A | E1: 2027A | F1: 2028A | G1: 2029A
A2: Rate Base (Mid-Year) | B2: 25880979 | C2: 26181229
A4: Distribution Revenue | B4: 7577311.7 | C4: =7849947.81-247000 -> 7602947.8
A5: Revenue Offsets | B5: 108388 | C5: 98738.12
A6: Total Revenue | B6: =B4+B5 -> 7685699.7 | C6: =C4+C5 -> 7701685.9 | D6: =D4+D5 -> 0 | E6: =E4+E5 -> 0 | F6: =F4+F5 -> 0 | G6: =G4+G5 -> 0
A8: OM&A | B8: -4141958.4 | C8: -3372408.1
A9: Depreciation | B9: -1302707.2 | C9: -1484117.8
A10: Property Taxes | B10: -705564 | C10: -770534.68
A11: Cost of Debt | B11: -601719.8 | C11: -635899.98
A12: Income before taxes | B12: =SUM(B6:B11) -> 933750.33 | C12: =SUM(C6:C11) -> 1438725.3 | D12: =SUM(D6:D11) -> 0 | E12: =SUM(E6:E11) -> 0 | F12: =SUM(F6:F11) -> 0 | G12: =SUM(G6:G11) -> 0
A14: Income Taxes | B14: -2035.0696 | C14: =-Tax!D20 -> -184378.04
A16: Return on Equity | B16: =B12+B14 -> 931715.26 | C16: =C12+C14 -> 1254347.3 | D16: =D12+D14 -> 0 | E16: =E12+E14 -> 0 | F16: =F12+F14 -> 0 | G16: =G12+G14 -> 0
A17: Calculated ROE | B17: =B16/B2/0.4 -> 0.09 | C17: =C16/C2/0.4 -> 0.11977544 | D17: =D16/D2/0.4 -> #DIV/0! | E17: =E16/E2/0.4 -> #DIV/0! | F17: =F16/F2/0.4 -> #DIV/0! | G17: =G16/G2/0.4 -> #DIV/0!
A18: Variance from deemed ROE | C18: =C17-$B$17 -> 0.029775438 | D18: =D17-$B$17 -> #DIV/0! | E18: =E17-$B$17 -> #DIV/0! | F18: =F17-$B$17 -> #DIV/0! | G18: =G17-$B$17 -> #DIV/0!
A19: ESM Threshold | C19: =1.5% -> 0.015 | D19: =1.5% -> 0.015 | E19: =1.5% -> 0.015 | F19: =1.5% -> 0.015 | G19: =1.5% -> 0.015
A20: ESM? | C20: =IF(C18>1.5%,"Yes","No") -> Yes | D20: =IF(D18>1.5%,"Yes","No") -> #DIV/0! | E20: =IF(E18>1.5%,"Yes","No") -> #DIV/0! | F20: =IF(F18>1.5%,"Yes","No") -> #DIV/0! | G20: =IF(G18>1.5%,"Yes","No") -> #DIV/0!
A22: Deadband | C22: =(C2*0.4*(B17+C19)) -> 1099611.6
A23: Overage | C23: =C16-C22 -> 154735.66
A24: ESM Sharing (50%) | C24: =C23/2 -> 77367.828
A27: The Earnings Share Mechanism Deferral Account (“ESMDA”) is to record the annual earnings sharing mechanism (ESM) impact over the Price Cap IR Term as implemented as part of EPCOR Natural Gas Limited Partnership’s (“ENGLP”) 2025-2029 distribution rate application EB-2024-0130. In the event that the utility’s annual ROE from 2025 to 2029 exceeds the Board- approved ROE in EB-2024-0130 by more than 150 basis points, the utility is required to share with ratepayers 50% of the earnings that are in excess of the 150 basis points threshold.
A28: For clarity, the ROE will be calculated annually as the sum of actual regulated net income taking into account any necessary adjustments, divided by the sum of the actual regulated equity balances for the same term (i.e. considers rate base growth).

Sheet Tax
A1: EB-2024-0130 Revenue Requirement
A2: Calculation of Income Taxes - ESM
C3: A | D3: B
B4: Description | C4: 2025T | D4: 2025A
A5: 1 | B5: Commodity & Transportation Revenue | C5: 9991871.1
A6: 2 | B6: less: Commodity Cost | C6: -9991871.1
A7: 1 | B7: Distribution Revenue | C7: 7575276.6 | D7: =ESM!C4 -> 7602947.8
A8: 2 | B8: add: Other Revenue | C8: 108388 | D8: =ESM!C5 -> 98738.12
A9: 3 | B9: less: Distribution OM&A | C9: -4141958.4 | D9: =ESM!C8 -> -3372408.1
A10: 4 | B10: less: Property Taxes | C10: -705564 | D10: =ESM!C10 -> -770534.68
A11: 5 | B11: less: Interest Expense | C11: -601719.8 | D11: =ESM!C11 -> -635899.98
A12: 6 | B12: less: CCA | C12: -2228778 | D12: -2411455
A13: 7 | B13: Taxable Income | C13: 5644.4383 | D13: =SUM(D5:D12) -> 511388.15
A14: 8 | B14: Income Taxes Payable
A15: 9 | B15: Federal Income Tax @ 15% | C15: 846.66575 | D15: =D13*0.15 -> 76708.223
A16: 10 | B16: Provincial Income Tax @ 11.5% | C16: 649.11041 | D16: =D13*0.115 -> 58809.638
A17: 11 | B17: Income Tax Expense | C17: 1495.7762 | D17: =D15+D16 -> 135517.86
A18: 12 | B18: Effective Tax Rate | C18: 0.265 | D18: =D17/D13 -> 0.265
A20: 13 | B20: Grossed up Amount to be included in Revenue Requirement | C20: 2035.0696 | D20: =D17/(1-D18) -> 184378.04
